 Dungeon Crawl Stone Soup version 0.26.0-20-g3ca415f5b8 (webtiles) character file.

Game seed: 18373946421210663668

39 kaeus the Insei (level 3, 0/23 HPs)
             Began as an Octopode Transmuter on Jan 25, 2021.
             Slain by an adder (1 damage)
             ... on level 1 of the Dungeon.
             The game lasted 00:01:14 (1102 turns).

kaeus the Insei (Octopode Transmuter)               Turns: 1102, Time: 00:01:14

Health: 0/23       AC:  1    Str:  8 (10) XL:     3   Next: 45%
Magic:  6/6        EV: 13    Int: 14 (15) God:
Gold:   27         SH:  0    Dex: 10 (12) Spells: 5/6 levels left

rFire    . . .     SeeInvis .     - Unarmed
rCold    . . .     Faith    .   (no shield)
rNeg     . . .     Spirit   .   (helmet restricted)
rPois    .         Reflect  .   (no amulet)
rElec    .         Harm     .   (no ring)
rCorr    .         Rampage  .   (no ring)
Will     .....                  (no ring)
Stlth    ++........             (no ring)
HPRegen  0.07/turn              (no ring)
MPRegen  0.10/turn              (no ring)
                                (no ring)
                                (no ring)

@: no status effects
A: almost no armour, stealthy swim, amphibious, 8 rings, constrict 8, camouflage
1, gelatinous body 1
a: no special abilities


You were on level 1 of the Dungeon.
You visited 1 branch of the dungeon, and saw 2 of its levels.

You collected 27 gold pieces.

Inventory:

Scrolls
 a - a scroll of teleportation {unknown}
 b - a scroll of immolation {unknown}
 d - a scroll of identify {unknown}
 e - a scroll of blinking {unknown}


   Skills:
 + Level 1.4 Fighting
 + Level 2.2 Dodging
 + Level 1.3 Stealth
 + Level 3.2 Unarmed Combat
 + Level 2.2 Spellcasting
 * Level 2.6 Transmutations


You had 5 spell levels left.
You knew the following spells:

 Your Spells              Type           Power        Failure   Level
a - Beastly Appendage     Tmut           18%          8%          1

Your spell library contained the following spells:

 Spells                   Type           Power        Failure   Level
 Wereblood                Tmut           9%           12%         2
 Spider Form              Tmut/Pois      2%           38%         3
 Ice Form                 Ice/Tmut       5%           80%         4
 Blade Hands              Tmut           4%           91%         5


Dungeon Overview and Level Annotations

Branches:
Dungeon (2/15)

Altars:


Innate Abilities, Weirdness & Mutations

You cannot wear most types of armour.
You are very stealthy in the water. (Stealth+)
You are amphibious.
You can wear up to eight rings at the same time.
You can use your tentacles to constrict eight enemies at once.
Your skin changes colour to match your surroundings (Stealth+).
Your rubbery body absorbs attacks. (AC +1, EV +1)


Message History

You are too injured to fight recklessly!
You see here a giant cockroach corpse.
The adder bites you.
* * * LOW HITPOINT WARNING * * *
You take 5 damage, and have 5/23 hp.
MASSIVE DAMAGE!!
The adder bites you.
* * * LOW HITPOINT WARNING * * *
You take 4 damage, and have 1/23 hp.
The goblin completely misses you.
There is a stone staircase leading up here.
It was a potion of degeneration.
There was something very wrong with that liquid.
You feel weakened.
You feel dopey.
You feel clumsy. The goblin closely misses you. The adder barely misses you. x2
The adder barely misses you. The goblin barely misses you.
The adder misses you. x2
You climb upwards.
There is a stone staircase leading down here.
The goblin barely misses you. The adder bites you.
You die...

####.#####.#.....#..#.###..##.#..
#.# #.#.....#..#...#.......÷ #.#
#.###......#...#..##.(.÷ #.# #)#
#......#...#..##.###
####.#####(###.............##.# #
...................(.......##.# #
####.#####.(....S.............###
...........(.).gS...#.###........
####.#######(###@#..#......#..###
####.#......(.##....#.######..# #
.................#..#.# #..# #
####.#.>.........#..#.######..# #
#....#.....................#..# #
#.##.#.###.......#.........#..# #
#.##.#.###.......#.........#..# #
.......##).......#.........#..###
...#.####.[...####.....###.#.(...


You could see 2 adders and a goblin.

Vanquished Creatures
  An adder (D:2)
  A dart slug (D:1)
  2 leopard geckos
  3 bats (D:1)
  2 giant cockroaches
  2 goblins
  3 hobgoblins
  5 kobolds (D:1)
  2 frilled lizards
  2 rats (D:1)
23 creatures vanquished.

Notes
Turn   | Place    | Note
-------+----------+-------------------------------------------
     0 | D:1      | kaeus the Octopode Transmuter began the quest for the Orb.
     0 | D:1      | Reached XP level 1. HP: 13/13 MP: 3/3
   433 | D:1      | Reached XP level 2. HP: 15/18 MP: 3/5
   717 | D:1      | Reached skill level 1 in Stealth
  1013 | D:2      | Reached XP level 3. HP: 19/23 MP: 4/6
  1097 | D:2      | HP: 1/23 [adder (4)]
  1102 | D:1      | Slain by an adder

Illustrated notes

Levels and vault maps discovered:
D:1:      lemuel_arrival_muddy, layout_basic, bh_walls_and_bars
D:2:      layout_rooms

Skill      XL: |  1  2 |
---------------+-------+-----
Stealth        | 1 |  1.3
Fighting       | |  1.4
Dodging        | |  2.2
Unarmed Combat | |  3.2
Spellcasting   | |  2.2
Transmutations | |  2.6

Action                   || total
-------------------------++-------
Melee: Unarmed           ||    52
       Constrict         ||    10
       Kick              ||     8
       Tentacles         ||     5
 Cast: Beastly Appendage ||    13
  Use: Potion            ||     1
 Stab: Sleeping          ||     2
Armor: Skin              ||     4
Dodge: Dodged            ||    42
